 Dungeon Crawl Stone Soup version 0.22.1-2-g9c5b331 (webtiles) character file.

250 DAS2 the Sneak (level 6, 0/45 HPs)
             Began as a Vine Stalker Enchanter on Dec 1, 2018.
             Asphyxiated
             ... on level 3 of the Dungeon.
             The game lasted 00:11:22 (3812 turns).

DAS2 the Sneak (Vine Stalker Enchanter)             Turns: 3812, Time: 00:11:22

Health: 0/45       AC:  2    Str: 16    XL:     6   Next: 13%
Magic:  0/13       EV: 12    Int: 17    God:
Gold:   92         SH:  0    Dex: 14    Spells: 4/13 levels left

rFire    . . .     SeeInvis .   a - +2 dagger
rCold    . . .     Gourm    +   (no shield)
rNeg     . . .     Faith    .   b - +0 robe
rPois    .         Spirit   +   (no helmet)
rElec    .         Reflect  .   (no cloak)
rCorr    .         Harm     .   (no gloves)
MR       .....                  (no boots)
Stlth    ..........             m - amulet of the gourmand
HPRegen  0.55/turn              (no ring)
MPRegen  0.13/turn              (no ring)

@: mighty, berserking, lethally poisoned (0 -> -1), slowed
A: fangs 2, regeneration 1, magic shield, antimagic bite, no potion heal 3, rot
immunity
a: no special abilities


You were on level 3 of the Dungeon.
You were completely stuffed.

You visited 1 branch of the dungeon, and saw 3 of its levels.

You collected 92 gold pieces.

Inventory:

Hand Weapons
 a - a +2 dagger (weapon)
Missiles
 h - 57 stones (quivered)
Armour
 b - a +0 robe (worn)
 r - a +0 helmet
Jewellery
 g - an uncursed amulet of the acrobat
 m - an amulet of the gourmand (around neck)
 q - an uncursed amulet of magic regeneration {unknown}
Scrolls
 e - 2 scrolls of enchant weapon
 f - 2 scrolls of remove curse {@r2}
 j - a scroll of identify {unknown}
 k - a scroll of teleportation {unknown}
 l - 2 scrolls of immolation {unknown}
 n - a scroll of blinking {unknown}
 o - a scroll of fear {unknown}
Potions
 s - a potion of brilliance {unknown}
Comestibles
 d - 2 rations {@e1}
 t - a chunk of flesh


   Skills:
 + Level 1.8 Fighting
 + Level 2.2 Short Blades
 - Level 1.5 Dodging
 + Level 4.8 Stealth
 + Level 4.0 Spellcasting
 + Level 3.8 Hexes


You had 4 spell levels left.
You knew the following spells:

 Your Spells              Type           Power        Failure   Level  Hunger
a - Corona                Hex            ###....      3%          1    None
c - Confuse               Hex            ###.....     10%         3    ###....
d - Tukima's Dance        Hex            ###.....     10%         3    ###....
e - Ensorcelled Hibernat  Hex/Ice        ##....       11%         2    ##.....

Your spell library contained the following spells:

 Spells                   Type           Power        Failure   Level  Hunger
 Dazzling Spray           Conj/Hex       ##....       22%         3    ###....


Dungeon Overview and Level Annotations

Branches:
Dungeon (3/15)

Altars:
Ashenzari
Xom

Annotations:
D:1 exclusion: door


Innate Abilities, Weirdness & Mutations

You have extremely sharp teeth.
Your natural rate of healing is unusually fast.
When hurt, damage is shared between your health and your magic reserves.
Your bite disrupts and absorbs the magic of your enemies.
Potions cannot restore your health.
You are immune to rotting.


Message History

The worm bites you.
* * * LOW HITPOINT WARNING * * *
It was a potion of berserk rage.
A red film seems to cover your vision as you go berserk!
You feel yourself moving faster!
You feel mighty! The kobold completely misses you. The worm closely misses you.
Unknown command.
Unknown command.
Unknown command.
Unknown command.
You feel a strong urge to attack something.
The kobold barely misses you.
There is an open door here.
Unknown command.
The kobold unwields an uncursed whip.
The kobold wields an uncursed blowgun.
The kobold shoots a curare-tipped needle.
The curare-tipped needle hits you.
You are poisoned.
You have difficulty breathing.
You die...

#...# #...# ###...#
#.....# #..$..# #.....#
#...w.#################
+...(('@..............#
#....K###############.#
#.....# #.# #.....# #.#
#.....# #.# #.....# #.#
#.....# #.# #.....# #.#
#.#


You could see a worm and a kobold.

Vanquished Creatures
  An ogre (D:2)
  Natasha (twice) (D:2 D:3)
  Robin (D:2)
  2 adders (D:2)
  2 worms (D:2)
  2 dart slugs (D:2)
  A leopard gecko (D:1)
  7 bats
  4 giant cockroaches
  19 goblins
  7 hobgoblins
  10 jackals (D:1)
  A quokka (D:2)
  2 ball pythons
  6 kobolds (D:1)
  6 rats
73 creatures vanquished.

Notes
Turn   | Place    | Note
-------+----------+-------------------------------------------
     0 | D:1      | DAS2 the Vine Stalker Enchanter began the quest for the
                  | Orb.
     0 | D:1      | Reached XP level 1. HP: 9/9 MP: 4/4
   311 | D:1      | Reached skill level 1 in Short Blades
   332 | D:1      | Reached XP level 2. HP: 10/13 MP: 6/6
   418 | D:1      | Learned a level 2 spell: Ensorcelled Hibernation
   826 | D:1      | Reached XP level 3. HP: 17/17 MP: 1/7
  1281 | D:1      | Reached skill level 1 in Fighting
  1669 | D:2      | Gained mutation: Your natural rate of healing is unusually
                  | fast. [Vine Stalker growth]
  1669 | D:2      | Reached XP level 4. HP: 22/22 MP: 9/9
  1679 | D:2      | Found a shattered altar of Ashenzari.
  1679 | D:2      | Found a shimmering altar of Xom.
  1945 | D:2      | Learned a level 3 spell: Confuse
  1949 | D:2      | Learned a level 3 spell: Tukima's Dance
  1982 | D:2      | Noticed Natasha
  2092 | D:2      | Killed Natasha
  2130 | D:2      | Noticed Natasha
  2242 | D:2      | Noticed Robin
  2398 | D:2      | Noticed an ogre
  2857 | D:2      | Killed Robin
  2857 | D:2      | Reached XP level 5. HP: 21/25 MP: 5/11
  3140 | D:2      | Killed an ogre
  3325 | D:2      | Reached XP level 6. HP: 25/30 MP: 8/12
  3757 | D:3      | Killed Natasha
  3812 | D:3      | Asphyxiated

Skill      XL: |  1  2  3  4  5  6 |
---------------+-------------------+-----
Short Blades   | 1 2 |  2.2
Stealth        | 4 |  4.8
Fighting       | 1 |  1.8
Spellcasting   | 3 4 |  4.0
Dodging        | |  1.5
Hexes          | |  3.8

Action                   |  1- 3 |  4- 6 || total
-------------------------+-------+-------++-------
Melee: Dagger            |   105 |    92 ||   197
       Bite              |    21 |    21 ||    42
 Cast: Ensorcelled Hiber |    20 |     9 ||    29
       Confuse           |       |     8 ||     8
  Use: Potion            |     1 |     3 ||     4
       Scroll            |       |     2 ||     2
 Stab: Sleeping          |    12 |     6 ||    18
       Invisible         |     2 |       ||     2
       Confused          |       |     1 ||     1
  Eat: Chunk             |     3 |    18 ||    21
Armor: Robe              |    21 |    19 ||    40
Dodge: Dodged            |    80 |    47 ||   127
